 Dungeon Crawl Stone Soup version 0.24.0-123-gd5b16e6ec5 (webtiles) character file.

Game seed: 16763083232455035565, levelgen mode: deterministic

147 Gildeon the Magician (level 5, -3/37 HPs)
             Began as a Gnoll Wizard on Dec 19, 2019.
             Shot with a sling bullet by a goblin (6 damage)
             ... on level 3 of the Dungeon.
             The game lasted 00:14:44 (3062 turns).

Gildeon the Magician (Gnoll Wizard)                 Turns: 3062, Time: 00:14:45

Health: -3/37      AC:  2    Str:  9    XL:     5   Next: 29%
Magic:  14/14      EV: 14    Int: 21    God:
Gold:   151        SH:  0    Dex: 14    Spells: 2/18 levels left

rFire    . . .     SeeInvis .   k - +0 dagger
rCold    . . .     Gourm    .   (no shield)
rNeg     . . .     Faith    .   a - +0 robe
rPois    .         Spirit   .   b - +0 hat
rElec    .         Reflect  .   (no cloak)
rCorr    .         Harm     .   (no gloves)
MR       .....                  (no boots)
Stlth    +++.......             (no amulet)
HPRegen  0.12/turn              (no ring)
MPRegen  0.14/turn              (no ring)

@: no status effects
A: distributed training, fangs 1, strong nose
a: no special abilities


You were on level 3 of the Dungeon.
You were not hungry.

You visited 1 branch of the dungeon, and saw 3 of its levels.

You collected 151 gold pieces.

Inventory:

Hand Weapons
 k - a +0 dagger (weapon)
Missiles
 i - 13 poisoned darts (quivered)
Armour
 a - a +0 robe (worn)
 b - a +0 hat (worn)
Scrolls
 c - a scroll of identify {unknown}
 f - a scroll of enchant weapon {unknown}
 j - a scroll of remove curse {unknown}
 m - a scroll of magic mapping {unknown}
Potions
 e - a potion of agility {unknown}
 h - 2 potions of curing
 l - a potion of lignification {unknown}
 n - 2 potions of flight {unknown}
 o - a potion of haste
Comestibles
 d - 8 rations


   Skills:
 + Level 1.4 Fighting
 + Level 1.4 Short Blades
 + Level 1.4 Long Blades
 + Level 1.4 Axes
 + Level 1.4 Maces & Flails
 + Level 1.4 Polearms
 + Level 1.4 Staves
 + Level 1.4 Slings
 + Level 1.4 Bows
 + Level 1.4 Crossbows
 + Level 1.4 Throwing
 + Level 1.4 Armour
 + Level 4.7 Dodging
 + Level 4.3 Stealth
 + Level 1.4 Shields
 + Level 1.4 Unarmed Combat
 + Level 7.2 Spellcasting
 + Level 2.3 Conjurations
 + Level 1.1 Hexes
 + Level 1.1 Charms
 + Level 2.3 Summonings
 + Level 1.1 Necromancy
 + Level 2.3 Translocations
 + Level 1.1 Transmutations
 + Level 1.1 Fire Magic
 + Level 1.1 Ice Magic
 + Level 1.1 Air Magic
 + Level 1.1 Earth Magic
 + Level 1.1 Poison Magic
 + Level 1.5 Invocations
 + Level 1.4 Evocations


You had 2 spell levels left.
You knew the following spells:

 Your Spells              Type           Power        Failure   Level  Hunger
a - Magic Dart            Conj           ###.         3%          1    None
b - Corona                Hex            ##.....      5%          1    None
c - Slow                  Hex            ##......     9%          2    None
d - Conjure Flame         Conj/Fire      ###.....     13%         3    None
e - Mephitic Cloud        Conj/Pois/Air  ##......     14%         3    None
f - Ensorcelled Hibernat  Hex/Ice        ##....       9%          2    None
g - Blink                 Tloc           N/A          4%          2    None
h - Call Imp              Summ           ###.....     4%          2    None

Your spell library contained the following spells:

 Spells                   Type           Power        Failure   Level  Hunger
 Dazzling Spray           Conj/Hex       ###...       13%         3    None
 Confuse                  Hex            ##......     16%         3    None
 Tukima's Dance           Hex            ##......     16%         3    None


Dungeon Overview and Level Annotations

Branches:
Dungeon (3/15)

Altars:
Fedhas
Okawaru
Vehumet

Annotations:
D:3 exclusions: centaur and goblin, Terence


Innate Abilities, Weirdness & Mutations

Your experience applies equally to all skills.
You have very sharp teeth.
Your uncanny sense of smell can sniff out nearby items.


Message History

The centaur screams, "I'll kill you anyway!"
The orc barely misses you.
You hit the orc but do no damage.
The goblin shoots a sling bullet.
The sling bullet hits you but does no damage.
The orc barely misses you.
Unknown command.
You feel better.
The centaur says, "I'm a little confused."
The orc misses you.
The goblin shoots a sling bullet.
The sling bullet hits you.
* * * LOW HITPOINT WARNING * * *
The centaur looks very confused.
The orc barely misses you. x2; The goblin shoots a sling bullet.
The sling bullet hits you.
* * * LOW HITPOINT WARNING * * *
You see here a sling bullet.
The orc hits you but does no damage. The orc closely misses you.
The goblin shoots a sling bullet.
The sling bullet hits you.
You die...

####.### #(≈_≈≈#..##......
#####.# #≈g≈≈.#..#...#.##
#.....#####(≈...#....#.#.#
#.######.................#
#.# #.......##......####
#.# #.(.....##..........
#.# #..o.......##.g.....
... #.......##...c#.....
#.# ∆ #..@....##.##.#.####
#..##.##...............#
##.#.......######.######
@>..##.......##.# #.
##.#.###.##.# .
.........##.#########
##.....##.##.##......#
##.#..##.##.##.####.#
...........##.......


You could see an orc and a goblin.

Vanquished Creatures
  5 adders
  A gnoll (D:2)
  A worm (D:3)
  3 dart slugs
  2 leopard geckos
  8 orcs
  9 bats
  4 giant cockroaches
  6 goblins
  10 hobgoblins
  A quokka (D:2)
  2 ball pythons (D:2)
  2 frilled lizards
  9 kobolds
  5 rats
68 creatures vanquished.

Vanquished Creatures (collateral kills)
  2 worms (D:2)
2 creatures vanquished.

Grand Total: 70 creatures vanquished

Notes
Turn   | Place    | Note
-------+----------+-------------------------------------------
     0 | D:1      | Gildeon the Gnoll Wizard began the quest for the Orb.
     0 | D:1      | Reached XP level 1. HP: 13/13 MP: 8/8
   221 | D:1      | Reached XP level 2. HP: 19/19 MP: 8/10
   225 | D:1      | Learned a level 2 spell: Blink
   228 | D:1      | Learned a level 2 spell: Call Imp
   231 | D:1      | Learned a level 2 spell: Slow
   672 | D:1      | Reached XP level 3. HP: 25/25 MP: 11/11
   677 | D:1      | Learned a level 3 spell: Conjure Flame
   681 | D:1      | Learned a level 3 spell: Mephitic Cloud
  1059 | D:2      | Learned a level 1 spell: Corona
  1062 | D:2      | Learned a level 2 spell: Ensorcelled Hibernation
  1246 | D:2      | Reached skill level 1 in Invocations
  1465 | D:2      | Found a radiant altar of Vehumet.
  1511 | D:2      | Reached skill level 1 in Fighting
  1511 | D:2      | Reached skill level 1 in Short Blades
  1511 | D:2      | Reached skill level 1 in Long Blades
  1511 | D:2      | Reached skill level 1 in Axes
  1511 | D:2      | Reached skill level 1 in Maces & Flails
  1511 | D:2      | Reached skill level 1 in Polearms
  1511 | D:2      | Reached skill level 1 in Staves
  1511 | D:2      | Reached skill level 1 in Slings
  1511 | D:2      | Reached skill level 1 in Bows
  1511 | D:2      | Reached skill level 1 in Crossbows
  1511 | D:2      | Reached skill level 1 in Throwing
  1511 | D:2      | Reached skill level 1 in Armour
  1511 | D:2      | Reached skill level 1 in Shields
  1511 | D:2      | Reached skill level 1 in Unarmed Combat
  1511 | D:2      | Reached skill level 1 in Evocations
  1511 | D:2      | Reached XP level 4. HP: 24/32 MP: 3/13
  1916 | D:2      | Reached skill level 1 in Hexes
  1916 | D:2      | Reached skill level 1 in Charms
  1916 | D:2      | Reached skill level 1 in Necromancy
  1916 | D:2      | Reached skill level 1 in Transmutations
  1916 | D:2      | Reached skill level 1 in Fire Magic
  1916 | D:2      | Reached skill level 1 in Ice Magic
  1916 | D:2      | Reached skill level 1 in Air Magic
  1916 | D:2      | Reached skill level 1 in Earth Magic
  1916 | D:2      | Reached skill level 1 in Poison Magic
  1919 | D:2      | Found an iron altar of Okawaru.
  2067 | D:3      | Noticed a centaur
  2087 | D:3      | Found a blossoming altar of Fedhas.
  2142 | D:3      | Noticed Terence
  2341 | D:3      | Reached XP level 5. HP: 22/37 MP: 14/14
  2585 | D:3      | Found a faded altar of an unknown god.
  3056 | D:3      | HP: 1/37 [orc (3)]
  3062 | D:3      | Shot with a sling bullet by a goblin

Levels and vault maps discovered:
D:1:      mushboom_english_gardens, layout_loops_ring, minivault_27
D:2:      layout_loops_ring, vehumet_crystals, okawaru_altar_gauntlet_db
D:3:      layout_loops_cross, first_ration,
          chequers_ecumenical_altar_simple_redux, fedhas_altar_2, uniq_terence

Skill      XL: |  1  2  3  4 |
---------------+-------------+-----
Conjurations   | 2 |  2.3
Summonings     | 2 |  2.3
Translocations | 2 |  2.3
Invocations    | 1 |  1.5
Fighting       | 1 |  1.4
Short Blades   | 1 |  1.4
Long Blades    | 1 |  1.4
Axes           | 1 |  1.4
Maces & Flails | 1 |  1.4
Polearms       | 1 |  1.4
Staves         | 1 |  1.4
Slings         | 1 |  1.4
Bows           | 1 |  1.4
Crossbows      | 1 |  1.4
Throwing       | 1 |  1.4
Armour         | 1 |  1.4
Shields        | 1 |  1.4
Unarmed Combat | 1 |  1.4
Evocations     | 1 |  1.4
Hexes          | 1 |  1.1
Charms         | 1 |  1.1
Necromancy     | 1 |  1.1
Transmutations | 1 |  1.1
Fire Magic     | 1 |  1.1
Ice Magic      | 1 |  1.1
Air Magic      | 1 |  1.1
Earth Magic    | 1 |  1.1
Poison Magic   | 1 |  1.1
Dodging        | |  4.7
Stealth        | |  4.3
Spellcasting   | |  7.2

Action                   |  1- 3 |  4- 6 || total
-------------------------+-------+-------++-------
Melee: Dagger            |    15 |    50 ||    65
       Bite              |     3 |     8 ||    11
       Punch             |       |     1 ||     1
 Cast: Magic Dart        |    75 |    57 ||   132
       Call Imp          |     3 |     1 ||     4
       Corona            |     2 |     5 ||     7
       Mephitic Cloud    |       |     1 ||     1
  Use: Potion            |       |     2 ||     2
 Stab: Sleeping          |     3 |     9 ||    12
       Confused          |       |     1 ||     1
  Eat: Chunk             |     2 |     4 ||     6
Armor: Robe              |     8 |     6 ||    14
Dodge: Dodged            |    35 |    61 ||    96
